 Dungeon Crawl Stone Soup version 0.30-a0-1050-g2766ea1e55 (webtiles) character file.

Game seed: 18351982199414745266

85603 Ijustatesigmund the Eclecticist (level 15, -7/80 HPs)
             Began as a Deep Elf Conjurer on Mar 31, 2023.
             Was an Elder of Cheibriados.
             Mangled by a golden dragon (35 damage)
             ... in an ice cave on Apr 11, 2023.
             The game lasted 01:33:49 (27742 turns).

Ijustatesigmund the Eclecticist (DECj)             Turns: 27742, Time: 01:33:50

Health: -7/80      AC: 10    Str: 13      XL:     15   Next: 38%
Magic:  22/39      EV: 22    Int: 48 (51) God:    Cheibriados [****..]
Gold:   1215       SH: 11    Dex: 22      Spells: 27/50 levels left

rFire   . . .      SeeInvis +    g - +6 sling (heavy)
rCold   + + +      Faith    .    M - +0 buckler
rNeg    . . .      Spirit   .    a - +4 skin of Zhor {*Englaciate rC+++ SInv}
rPois   .          Reflect  +    G - +2 hat {Stlth+}
rElec   .          Rampage  .    (no cloak)
rCorr   .                        c - +1 pair of gloves
Will    +....                    (no boots)
Stlth   ++++                     R - amulet of reflection
HPRegen 1.13/turn                q - +5 ring of evasion
MPRegen 0.26/turn                r - +6 ring of intelligence

@: lethally poisoned (-7 -> -8), very slow
A: clever 1, cold resistance 1, regeneration 1
a: Renounce Religion, Bend Time, Temporal Distortion, Slouch


You were in an ice cave.
You worshipped Cheibriados.
Cheibriados was greatly pleased with you.
You visited 2 branches of the dungeon, and saw 20 of its levels.
You also visited: Bailey and Ice Cave.

You collected 1423 gold pieces.
You spent 208 gold pieces at shops.

Inventory:

Hand Weapons
 d - a +2 demon whip of electrocution
 g - a +6 heavy sling (weapon)
Missiles
 o - 2 throwing nets
Armour
 a - the +4 skin of Zhor (worn) {*Englaciate rC+++ SInv}
   (You acquired it on level 8 of the Dungeon)

   *Englaciate: It radiates cold, occasionally slowing all nearby creatures who
   are not resistant to cold.
   rC:        It renders you almost immune to cold.
   SInv:      It lets you see invisible.
 c - a +1 pair of gloves (worn)
 G - a +2 hat of stealth (worn)
 M - a +0 buckler (worn)
Jewellery
 j - a ring of protection from fire
 n - a ring of see invisible
 q - a +5 ring of evasion (left hand)
 r - a +6 ring of intelligence (right hand)
 x - a ring of fire
 A - a ring of protection from fire
 J - a ring of ice
 K - a ring of ice
 O - a ring of willpower
 P - a ring of protection from fire
 Q - a ring of flight
 R - an amulet of reflection (around neck)
Wands
 s - a wand of paralysis (14)
 t - a wand of flame (36)
 H - a wand of mindburst (1)
 I - a wand of digging (10)
 N - a wand of polymorph (4)
 V - a wand of roots (6)
Scrolls
 b - a scroll of immolation
 e - 2 scrolls of brand weapon
 h - 5 scrolls of enchant armour
 l - 4 scrolls of fog
 p - 4 scrolls of amnesia
 y - 2 scrolls of teleportation
 B - 2 scrolls of poison
 D - 5 scrolls of identify
 T - 3 scrolls of blinking
 U - a scroll of fear
Potions
 f - 3 potions of lignification
 k - 2 potions of magic
 m - 5 potions of might
 v - 4 potions of flight
 w - 5 potions of mutation
 z - 4 potions of brilliance
 C - 6 potions of curing
 F - 2 potions of cancellation
 S - a potion of attraction


   Skills:
 - Level 4.0 Fighting
 - Level 11.0 Ranged Weapons
 - Level 2.0 Armour
 - Level 7.7 Dodging
 - Level 2.4 Stealth
 - Level 4.0 Shields
 + Level 18.0 Spellcasting
 + Level 12.6 Conjurations
 - Level 11.8 Hexes
 - Level 4.3 Translocations
 + Level 0.0 Fire Magic
 + Level 14.7 Invocations
 - Level 6.4 Evocations


You had 27 spell levels left.
You knew the following spells:

 Your Spells              Type           Power      Damage    Failure   Level
a - Magic Dart            Conj           100%       1d8       0%          1
b - Searing Ray           Conj           100%       2d8       0%          2
c - Iskenderun's Mystic   Conj/Tloc      90%        2d18      1%          4
d - Dazzling Flash        Conj/Hex       100%       N/A       0%          3
e - Blink                 Tloc           100%       N/A       1%          2
f - Enfeeble              Hex            51%        N/A       3%          7
g - Flame Wave            Conj/Fire      81%        2d18      1%          4

Your spell library contained the following spells:

 Spells                   Type           Power      Damage    Failure   Level
 Tukima's Dance           Hex            100%       N/A       0%          3
 Freeze                   Ice            100%       1d10      1%          1
 Summon Small Mammal      Summ           100%       N/A       1%          1
 Ensorcelled Hibernation  Hex/Ice        100%       N/A       1%          2
 Scorch                   Fire           86%        2d8       1%          2
 Call Canine Familiar     Summ           43%        N/A       1%          3
 Frozen Ramparts          Ice            86%        1d13      1%          3
 Hailstorm                Conj/Ice       81%        3d16      1%          3
 Spider Form              Tmut/Pois      43%        N/A       1%          3
 Summon Guardian Golem    Hex/Summ       79%        N/A       1%          3
 Anguish                  Hex/Necr       39%        N/A       1%          4
 Fulminant Prism          Conj/Hex       51%        3d22      1%          4
 Manifold Assault         Tloc           71%        N/A       1%          4
 Passage of Golubria      Tloc           71%        N/A       1%          4
 Yara's Violent Unravell  Hex/Tmut       39%        3d16      1%          5
 Conjure Ball Lightning   Conj/Air       40%        3x3d13    7%          6
 Discord                  Hex            51%        N/A       28%         8
 Summon Cactus Giant      Summ           21%        N/A       65%         6
 Storm Form               Tmut/Air       21%        N/A       99%         7
 Disjunction              Tloc           35%        N/A       99%         8


Dungeon Overview and Level Annotations

Branches:
Dungeon (15/15)            Temple (0/1) D:6            Lair (5/5) D:10
 Shoals (0/4) Lair:2       Spider (0/4) Lair:2        Slime (0/5) Lair:4
    Orc (0/2) D:10         Vaults (0/5) D:14         Depths (0/4) D:15
 Bailey (visited)           IceCv (1/1)

Altars:
Cheibriados
Dithmenos
Gozag
Kikubaaqudgha
Nemelex Xobeh
Okawaru
Qazlal
Trog
Uskayaw
Vehumet
Xom
Yredelemnul
Zin
The Shining One
Jiyva

Shops:
D:10 !

Annotations:
D:4 1 runed translucent door, Longtemps's ghost, amateur OpEE
D:8 1 runed translucent door, sevenfields's ghost, novice DjFE


Innate Abilities, Weirdness & Mutations

Your mind is acute. (Int +4, Str/Dex -1)
Your flesh is cold resistant. (rC+)
Your natural rate of healing is unusually fast.


Message History

The sling bullet hits the golden dragon.
The golden dragon is lightly wounded.
You radiate an aura of cold.
The golden dragon is unaffected.
The grasping roots constrict the golden dragon.
The roots release their grip on the golden dragon.
Casting: Enfeeble (dangerous; 3% risk of failure)
Confirm with . or Enter, or press ? or * to list all spells.
You erupt in a blast of force!
The mystic blast hits the golden dragon.
The golden dragon is lightly wounded.
The golden dragon breathes poison at you.
The blast of poison misses you.
Casting: Iskenderun's Mystic Blast (safe; 1% risk of failure)
Confirm with . or Enter, or press ? or * to list all spells.
You erupt in a blast of force!
The mystic blast hits the golden dragon!!
The golden dragon is moderately wounded.
The golden dragon is knocked back by the mystic blast.
You are engulfed in poison gas.
You are poisoned.
You feel very sick.
You are engulfed in poison gas.
You are more poisoned.
You feel very sick.
You feel better.
You are engulfed in poison gas.
You are poisoned.
You feel sick. The golden dragon breathes fire at you.
The bolt of fire hits you!
Activating: Slouch (0% risk of failure)
Press: ? - help, Dir - look around, f - activate You can feel time thicken for a moment.
Cheibriados lowers the support of your attributes as your movement quickens.
You feel sick. The golden dragon bites you!!
You block the golden dragon's attack. The golden dragon closely misses you.
Activating: Slouch (0% risk of failure)
Press: ? - help, Dir - look around, f - activate You can feel time thicken for a moment.
You can no longer step out of the flow of time.
Cheibriados lowers the support of your attributes as your movement quickens.
You feel sick. The golden dragon bites you!!
You die...

..# .#. ##.## ..# ##..## #..#
..# #.☼... ##.## #.# ##.°§..##
#..# #.## #..°°☼..## ##.##
#..# ##..°.§§..# #...# ####
##.###...°☼○°☼## ##.######..##
#..##...○☼§○○§####....##....##
##......☼○§§§○D@###..........#
##......§.○☼☼§°☼#.......∩.∩.#
##....§☼§§§°##○☼§.##.......#
#....§°☼§☼####°§#####....##
##...°§§§○.# #### ##..##
#...°§§☼.## #### ##..§.§.##
##..°○## ##..##


You could see a golden dragon (catching breath).

Vanquished Creatures
  Frances (D:14)
  Gastronok (Lair:1)
  Snorg (Lair:5)
  Harold (Lair:1)
  4 vault guards (D:14)
  3 ice dragons (IceCv)
  2 catoblepae
  7 hydras
  2 two-headed ogres
  Erica (D:9)
  A death knight (D:14)
  6 boulder beetles
  2 centaur warriors
  2 tengu warriors
  A deep troll shaman (Lair:5)
  9 death yaks
  3 skysharks
  Amaemon (Lair:3)
  An orange crystal statue (IceCv)
  A lindwurm (Lair:5)
  2 phantasmal warriors
  8 ugly things
  An orc knight (D:15)
  A deep elf pyromancer (D:14)
  2 manticores
  2 cyclopes (D:14)
  15 elephants
  6 slime creatures (D:12)
  4 black mambas
  7 storm dragon simulacra (IceCv)
  2 gargoyles
  12 cane toads
  4 unseen horrors
  An orange demon (Lair:3)
  A kobold demonologist (D:10)
  13 komodo dragons
  An efreet (D:13)
  4 freezing wraiths
  2 rime drakes
  6 golden dragon simulacra (IceCv)
  2 tengu conjurers (D:13)
  3 hornets (Lair:3)
  A meliai (D:14)
  2 trolls
  A wind drake (Lair:2)
  4 polar bears
  A dream sheep (Lair:3)
  8 blink frogs
  Sigmund (D:2)
  A culicivora (shapeshifter) (D:14)
  A shadow (D:13)
  A centaur simulacrum (D:14)
  4 wraiths
  12 spriggans (Lair:3)
  7 basilisks
  A human (D:10)
  A vampire (D:13)
  A fire elemental (D:14)
  2 steam dragons
  39 yaks
  10 wyverns
  12 vampire mosquitoes
  A redback (Lair:2)
  Menkaure (D:5)
  A warg (D:10)
  3 acid dragons
  10 water moccasins
  An ice beast (D:6)
  9 orc warriors
  2 sky beasts
  3 ice dragon simulacra (IceCv)
  A black bear (Lair:5)
  12 wolves
  3 boggarts (Lair:3)
  2 centaurs
  A phantom (D:5)
  A kobold brigand (D:8)
  Blork the orc (D:5)
  12 bullfrogs
  4 scorpions
  19 wights
  3 lindwurm simulacra (IceCv)
  4 killer bees (D:7)
  2 howler monkeys
  2 electric eels (Lair:5)
  A lava snake (D:13)
  8 orc priests
  4 jellies
  A hound (D:5)
  3 iguanas
  13 orc wizards
  4 hell rats (Lair:5)
  6 gnolls
  14 adders
  A shadow imp (D:6)
  2 white imps
  A worm (D:3)
  8 dart slugs
  38 orcs
  5 ball pythons
  2 bat zombies (D:9)
  6 endoplasms
  2 giant cockroaches
  11 goblins
  9 hobgoblins
  11 jackals
  21 kobolds
  3 quokkas
  5 bats
  2 frilled lizards
  12 rats
550 creatures vanquished.

Vanquished Creatures (collateral kills)
  Azrael (D:14)
  Erolcha (D:9)
  A fire elemental (D:14)
  A hell hound (D:14)
  3 wights (D:9)
7 creatures vanquished.

Vanquished Creatures (others)
  A hell hound (D:14)
  48 fungi
  49 plants
98 creatures vanquished.

Grand Total: 655 creatures vanquished

Notes
Turn   | Place    | Note
-------+----------+-------------------------------------------
     0 | D:1      | Ijustatesigmund the Deep Elf Conjurer began the quest for
                  | the Orb.
     0 | D:1      | Reached XP level 1. HP: 10/10 MP: 6/6
   237 | D:1      | Reached XP level 2. HP: 16/16 MP: 4/8
   243 | D:1      | Learned a level 2 spell: Searing Ray
   569 | D:1      | Reached skill level 1 in Ranged Weapons
   987 | D:2      | Found a hide-covered altar of Uskayaw.
   992 | D:2      | Reached XP level 3. HP: 20/20 MP: 10/10
  1171 | D:2      | Found a faded altar of an unknown god.
  1338 | D:2      | Noticed Sigmund
  1362 | D:2      | Killed Sigmund
  1363 | D:2      | Reached skill level 5 in Spellcasting
  1363 | D:2      | Reached skill level 5 in Conjurations
  1363 | D:2      | Reached XP level 4. HP: 22/24 MP: 0/13
  1363 | D:2      | Reached XP level 5. HP: 26/28 MP: 0/14
  2011 | D:3      | Found a snail-covered altar of Cheibriados.
  2080 | D:3      | Learned a level 4 spell: Iskenderun's Mystic Blast
  2084 | D:3      | Learned a level 3 spell: Dazzling Flash
  2101 | D:3      | Found an opulent altar of Gozag.
  2242 | D:3      | Became a worshipper of Cheibriados the Contemplative
  2392 | D:3      | You fall into a shaft and drop 1 floor!
  2442 | D:4      | Reached skill level 1 in Hexes
  2442 | D:4      | Reached XP level 6. HP: 33/33 MP: 12/16
  2671 | D:4      | Reached skill level 1 in Translocations
  2671 | D:4      | Reached skill level 1 in Invocations
  2903 | D:4      | Found a runed translucent door.
  2983 | D:4      | Noticed Longtemps's ghost (amateur OpEE)
  3119 | D:3      | Reached * piety under Cheibriados
  3567 | D:3      | Found a sparkling altar of Nemelex Xobeh.
  3799 | D:4      | Found a basalt altar of Yredelemnul.
  4011 | D:4      | Identified the +0 dagger of Betsyura {pain, rC- Int+8}
  4348 | D:5      | Entered Level 5 of the Dungeon
  4368 | D:5      | Reached skill level 6 in Spellcasting
  4368 | D:5      | Reached XP level 7. HP: 32/37 MP: 8/18
  4604 | D:5      | Found a glowing silver altar of Zin.
  4608 | D:5      | Found a glowing golden altar of the Shining One.
  4612 | D:5      | Found a shadowy altar of Dithmenos.
  4882 | D:5      | Noticed Menkaure
  4890 | D:5      | Killed Menkaure
  5198 | D:5      | Reached skill level 7 in Spellcasting
  5224 | D:5      | Reached XP level 8. HP: 42/42 MP: 13/20
  5227 | D:5      | Learned a level 2 spell: Blink
  5351 | D:5      | Noticed Blork the orc
  5356 | D:5      | Killed Blork the orc
  5693 | D:5      | Reached ** piety under Cheibriados
  5919 | D:5      | Reached skill level 5 in Hexes
  6266 | D:6      | Found a radiant altar of Vehumet.
  6274 | D:6      | Found a hide-covered altar of Uskayaw.
  6636 | D:6      | Reached skill level 5 in Dodging
  6965 | D:6      | Found a staircase to the Ecumenical Temple.
  6979 | D:6      | Reached skill level 1 in Fighting
  7378 | D:7      | Reached skill level 8 in Spellcasting
  7380 | D:7      | Reached *** piety under Cheibriados
  7694 | D:7      | Noticed an unseen horror
  7703 | D:7      | Killed an unseen horror
  7704 | D:7      | Reached skill level 5 in Invocations
  7704 | D:7      | Reached XP level 9. HP: 43/47 MP: 7/23
  8016 | D:8      | Found an iron altar of Okawaru.
  8116 | D:8      | Reached skill level 9 in Spellcasting
  8205 | D:8      | Found a bloodstained altar of Trog.
  8413 | D:8      | Found a flagged portal.
  8418 | Bailey   | Entered a bailey
  8553 | Bailey   | Noticed an orc warlord
  8559 | Bailey   | Reached **** piety under Cheibriados
  8681 | Bailey   | Found a runed translucent gate.
  8685 | Bailey   | Found a runed translucent gate.
  8687 | Bailey   | Found a runed translucent gate.
  9231 | D:8      | Acquired the +4 skin of Zhor {*Englaciate rC+++ SInv}
  9231 | D:8      | Found the +4 skin of Zhor {*Englaciate rC+++ SInv}
  9401 | D:8      | Found a runed translucent door.
  9401 | D:8      | Found a shimmering altar of Xom.
  9401 | D:8      | Noticed a +0 scimitar of chaos
  9401 | D:8      | Noticed sevenfields's ghost (novice DjFE)
  9680 | D:8      | Found a stormy altar of Qazlal.
  9871 | D:9      | Noticed Erolcha
  9878 | D:9      | Killed Erolcha
  9879 | D:9      | Reached skill level 5 in Ranged Weapons
  9879 | D:9      | Reached skill level 10 in Spellcasting
  9879 | D:9      | Reached XP level 10. HP: 52/52 MP: 24/26
 10406 | D:9      | Noticed Erica
 10565 | D:9      | Killed Erica
 10632 | D:9      | Noticed a two-headed ogre
 10636 | D:9      | Killed a two-headed ogre
 11008 | D:9      | Found an ancient bone altar of Kikubaaqudgha.
 11046 | D:10     | Entered Level 10 of the Dungeon
 11127 | D:10     | Found a staircase to the Lair.
 11290 | D:10     | Reached ***** piety under Cheibriados
 11291 | D:10     | Reached XP level 11. HP: 27/61 MP: 17/27
 11470 | D:10     | Identified the +1 robe of the Centipede {Fly rF+++ Int-5}
 11502 | D:10     | Found Loblig's Distillery.
 11512 | D:10     | Bought a potion of heal wounds for 65 gold pieces
 11512 | D:10     | Bought a potion of mutation for 104 gold pieces
 11512 | D:10     | Bought a potion of flight for 39 gold pieces
 11512 | D:10     | Gained mutation: Your mind is acute. (Int +4, Str/Dex -1)
                  | [potion of mutation]
 11512 | D:10     | Gained mutation: Your flesh is cold resistant. (rC+)
                  | [potion of mutation]
 11512 | D:10     | Gained mutation: Your natural rate of healing is unusually
                  | fast. [potion of mutation]
 11654 | D:10     | Found a staircase to the Orcish Mines.
 12015 | D:11     | Noticed a two-headed ogre
 12026 | D:11     | Killed a two-headed ogre
 12027 | D:11     | Reached skill level 11 in Spellcasting
 12616 | D:11     | Reached skill level 10 in Ranged Weapons
 13377 | D:12     | Reached skill level 12 in Spellcasting
 14142 | D:12     | Reached skill level 1 in Evocations
 14278 | D:12     | Noticed a skeletal warrior
 14278 | D:12     | Noticed a skeletal warrior
 14360 | Lair:1   | Entered Level 1 of the Lair of Beasts
 14401 | Lair:1   | Reached ****** piety under Cheibriados
 14461 | Lair:1   | Noticed Harold
 14485 | Lair:1   | Killed Harold
 14486 | Lair:1   | Reached XP level 12. HP: 63/66 MP: 9/30
 14810 | Lair:1   | Reached skill level 10 in Invocations
 15007 | Lair:1   | Reached skill level 13 in Spellcasting
 15163 | Lair:1   | Noticed Gastronok
 15188 | Lair:1   | Killed Gastronok
 15841 | Lair:2   | Reached skill level 5 in Evocations
 16006 | Lair:2   | Found a staircase to the Shoals.
 16030 | Lair:2   | Reached skill level 14 in Spellcasting
 16383 | Lair:2   | Found a hole to the Spider Nest.
 16950 | Lair:3   | Noticed a boulder beetle
 16951 | Lair:3   | Noticed a five-headed hydra
 16958 | Lair:3   | Killed a five-headed hydra
 16967 | Lair:3   | Killed a boulder beetle
 17402 | Lair:3   | Reached XP level 13. HP: 70/70 MP: 28/33
 17411 | Lair:3   | Noticed Amaemon
 17431 | Lair:3   | Killed Amaemon
 17432 | Lair:3   | Reached skill level 15 in Spellcasting
 18349 | Lair:3   | Reached skill level 10 in Conjurations
 19023 | Lair:4   | Found a staircase to the Slime Pits.
 19023 | Lair:4   | Found a viscous altar of Jiyva.
 19039 | Lair:4   | Reached skill level 16 in Spellcasting
 20219 | Lair:4   | Learned a level 7 spell: Enfeeble
 20569 | Lair:5   | Entered Level 5 of the Lair of Beasts
 20756 | Lair:5   | Noticed Snorg
 20773 | Lair:5   | Killed Snorg
 20774 | Lair:5   | Reached XP level 14. HP: 76/76 MP: 11/36
 21020 | Lair:5   | Identified the +0 ring mail "Gaufodyo" {Regen+}
 21394 | Lair:5   | Reached skill level 10 in Hexes
 22641 | Lair:5   | Reached skill level 1 in Armour
 22814 | Lair:5   | Identified the +9 long sword of Wyrd {heavy, Str+2 Int-2
                  | Dex+2 SInv}
 22963 | Lair:5   | Upgraded the game from 0.30-a0-967-g9b59a09336 to
                  | 0.30-a0-1050-g2766ea1e55
 23234 | D:13     | Reached skill level 1 in Shields
 23427 | D:13     | Identified the +8 trident "Azoelet" {drain, Str+5 Dex+3}
 23902 | D:14     | Noticed Frances
 23928 | D:14     | Killed Frances
 24061 | D:14     | Found a gate to the Vaults.
 24066 | D:14     | Reached skill level 17 in Spellcasting
 25220 | D:14     | Noticed Azrael
 25231 | D:14     | Killed Azrael
 25232 | D:14     | Reached XP level 15. HP: 42/80 MP: 34/38
 26014 | D:15     | Entered Level 15 of the Dungeon
 26193 | D:15     | Found a frozen archway.
 26199 | IceCv    | Entered an ice cave
 27320 | IceCv    | Noticed a golden dragon
 27528 | IceCv    | Reached skill level 18 in Spellcasting
 27725 | IceCv    | Learned a level 4 spell: Flame Wave
 27742 | IceCv    | Mangled by a golden dragon

Illustrated notes

Levels and vault maps discovered:
D:1:      scummos_arrival_gate, layout_loops_ring, minmay_pentomino_u4
D:2:      layout_loops_ring, hellmonk_ecumenical_altar_leap_of_faith,
          basic_altar, uniq_sigmund
D:3:      layout_loops_corners, kennysheep_slug_shrine, lemuel_crystal_altar,
          grunt_gozag_breadcrumbs, minmay_distorted
D:4:      layout_basic, mainiacjoe_overflow_surrounded_room,
          hellmonk_ghost_happy_afterlife, eino_tiny_chamber,
          hangedman_minor_gate_pass
D:5:      layout_loops_corners, grunt_temple_overflow_diamond,
          uniq_blork_the_orc, uniq_menkaure
D:6:      layout_basic, mainiacjoe_overflow_large_starburst,
          minmay_temple_entry_sparse_star, minmay_misc_feat_cross,
          nicolae_half_adder
D:7:      layout_basic, enter_ossuary_5
D:8:      layout_basic, okawaru_trees_1, trog_three_pillars_becter,
          nicolae_qazlal_scattered_showers, enter_bailey_3, ebering_ghost_xom,
          minmay_misc_feat_secret_circle
D:9:      layout_small_grid, lemuel_zombie_altar_kikubaaqudgha, uniq_erica,
          uniq_erolcha
D:10:     layout_irregular_city, minmay_lair_entry_grove, erik_orc_4,
          serial_shops, nicolae_lakefront_shop
D:11:     layout_cave_pods, minmay_starry_boxes
D:12:     layout_cave_pods, minmay_misc_feat_rows, chequers_serial_rivers_room_a
D:13:     layout_big_octagon
D:14:     kennysheep_funnel, layout_long_grid,
          lightli_vaults_fourway_checkpoint, serial_co_window_serial,
          co_window_paths_b, co_window_of_opportunity_a, co_window_corner_a,
          co_window_cross_1, co_window_corner_a, co_window_2corner,
          co_window_of_opportunity_b, co_window_broadway_b,
          co_window_broadway_b, co_window_of_opportunity_b, co_window_corner_b,
          glass_columns_a, infiniplex_staircase_zigzag_5, uniq_frances,
          uniq_azrael
D:15:     hangedman_depths_entry_try_elsewhere_first, layout_loops_ring,
          portal_ice_cave_entry_horrid_things
Lair:1:   layout_regular_city, uniq_gastronok, uniq_harold
Lair:2:   layout_regular_city, minmay_shoals_entry_beasts, spider_nest_entry_a,
          enter_volcano_4
Lair:3:   kb_forest_paths, layout_big_grid, hangedman_lair_generics_rect,
          uniq_amaemon
Lair:4:   layout_hall_layers, slime_entry_1, small_statue_intersection,
          grunt_megastairs_4
Lair:5:   grunt_lair_end_beastmaster, layout_regular_city,
          pdpol_lair_cavern_descent, grunt_megastairs_2, uniq_snorg
IceCv:    ice_cave_small_dragons

Skill      XL: |  1  2  3  4  5  6  7  8  9 10 11 12 13 14 15 |
---------------+----------------------------------------------+-----
Ranged Weapons | 1 3 5 8 11 | 11.0
Spellcasting   | 5 6 7 8 10 12 14 16 17 18 | 18.0
Conjurations   | 5 6 8 11 12 | 12.6
Hexes          | 1 2 4 5 7 10 11 | 11.8
Translocations | 2 3 4 |  4.3
Invocations    | 2 3 5 7 9 11 13 14 | 14.7
Dodging        | 5 7 |  7.7
Fighting       | 1 4 |  4.0
Evocations     | 3 6 |  6.4
Armour         | 2 |  2.0
Shields        | 4 |  4.0
Stealth        | |  2.4

Action                     |  1- 3 |  4- 6 |  7- 9 | 10-12 | 13-15 || total
---------------------------+-------+-------+-------+-------+-------++-------
  Melee: Great mace        |     1 |       |       |       |       ||     1
   Fire: Sling             |    55 |   148 |   195 |   520 |   919 ||  1837
   Cast: Magic Dart        |    33 |    12 |       |       |     3 ||    48
         Searing Ray       |     1 |     7 |    16 |     4 |     7 ||    35
         Iskenderun's Myst |       |     3 |    56 |    99 |   187 ||   345
         Dazzling Flash    |       |     3 |     8 |     9 |     5 ||    25
         Blink             |       |       |     2 |     1 |     3 ||     6
         Enfeeble          |       |       |       |       |    44 ||    44
 Invoke: Slouch            |       |       |       |     2 |    13 ||    15
  Evoke: Wand              |       |       |     8 |     1 |    29 ||    38
    Use: Scroll            |     6 |     5 |    15 |    13 |    12 ||    51
         Potion            |     2 |     2 |     2 |     4 |     5 ||    15
 Armour: Robe              |     4 |    16 |    12 |       |       ||    32
         Animal skin       |       |       |       |    12 |    87 ||    99
  Dodge: Dodged            |     6 |    55 |   111 |   132 |   427 ||   731
  Block: Buckler           |       |       |       |       |   118 ||   118
         Other             |       |       |       |       |     3 ||     3
         Reflection        |       |       |       |       |     2 ||     2

Table legend: (Time is in decaauts)
 A = Elapsed time spent in this place.
 B = Non-inter-level travel time spent in this place.
 C = Inter-level travel time spent in this place.
 D = Time resting spent in this place.
 E = Time spent auto-exploring this place.
 F = Levels seen in this place.
 G = Mean time per level.
                   A        B        C        D        E       F      G
               +--------+--------+--------+--------+--------+-----+--------+
         Total |  36478 |  35237 |   1241 |   8767 |  21651 |  22 | 1658.1 |
       Dungeon |  22371 |  21467 |    904 |   4107 |  14796 |  15 | 1491.4 |
          Lair |  11815 |  11478 |    337 |   3245 |   6455 |   5 | 2363.0 |
        Bailey |    617 |    617 |      0 |    186 |    276 |   1 |  617.0 |
      Ice Cave |   1673 |   1673 |      0 |   1229 |    123 |   1 | 1673.0 |
               +--------+--------+--------+--------+--------+-----+--------+

Top non-repeatable levels by time:
  Lair:5: 3231 daAuts
    D:14: 3083 daAuts
  Lair:3: 2812 daAuts
  Lair:1: 2043 daAuts
     D:5: 2043 daAuts
  Lair:4: 1986 daAuts
    D:11: 1900 daAuts
     D:8: 1852 daAuts
  Lair:2: 1742 daAuts
    D:12: 1710 daAuts
   IceCv: 1673 daAuts
    D:10: 1618 daAuts
     D:9: 1585 daAuts
     D:6: 1503 daAuts
     D:4: 1423 daAuts
